 Dungeon Crawl Stone Soup version 0.26-a0-540-g8a0c9464d7 (webtiles) character file.

Game seed: 14065148721004145766

158 HoaS the Shield-Bearer (level 5, -8/41 HPs)
             Began as a Formicid Fighter on Aug 24, 2020.
             Killed from afar by Ijyb (18 damage)
             ... with a bolt of acid
             ... on level 4 of the Dungeon.
             The game lasted 00:06:54 (2096 turns).

HoaS the Shield-Bearer (Formicid Fighter)           Turns: 2096, Time: 00:06:54

Health: -8/41      AC:  8    Str: 21    XL:     5   Next: 67%
Magic:  0/5        EV:  4    Int:  8    God:
Gold:   128        SH: 11    Dex: 10    Spells: 4/4 levels left

rFire    . . .     SeeInvis +   a - +1 quarterstaff
rCold    . . .     Faith    .   c - +1 kite shield
rNeg     . . .     Spirit   +   e - +0 plate armour
rPois    +         Reflect  .   (helmet unavailable)
rElec    .         Harm     .   (no cloak)
rCorr    .                      (no gloves)
MR       .....                  m - +0 pair of boots (curse)
Stlth    ..........             i - amulet of guardian spirit
HPRegen  0.13/turn              h - ring of poison resistance
MPRegen  0.09/turn              (no ring)

@: mighty, corroded
A: permanent stasis, dig shafts and tunnels, four strong arms, antennae 3
a: Dig, Shaft Self


You were on level 4 of the Dungeon.
You visited 1 branch of the dungeon, and saw 4 of its levels.

You collected 128 gold pieces.

Inventory:

Hand Weapons
 a - a +1 quarterstaff (weapon)
Armour
 c - a +1 kite shield (worn)
 e - a +0 plate armour (worn)
 m - a cursed +0 pair of boots (worn)
Jewellery
 h - a ring of poison resistance (left hand)
 i - an amulet of guardian spirit (around neck)
Wands
 j - a wand of iceblast (11)
Scrolls
 k - a scroll of fear
 o - a scroll of identify
Potions
 b - a potion of cancellation {unknown}
 f - a potion of flight {unknown}
 g - a potion of magic {unknown}
 l - a potion of haste {unknown}
 n - a potion of brilliance {unknown}


   Skills:
 - Level 3.2 Fighting
 * Level 4.6 Staves
 - Level 3.2 Armour
 + Level 5.0 Shields


You had 4 spell levels left.
You didn't know any spells.
Your spell library contained the following spells:

 Spells                   Type           Power        Failure   Level
 Magic Dart               Conj           #...         100%        1
 Call Imp                 Summ           #.......     100%        2
 Slow                     Hex            #.......     100%        2
 Confusing Touch          Hex            #.......     100%        3
 Conjure Flame            Conj/Fire      #.......     100%        3
 Gell's Gravitas          Tloc           #.........   100%        3
 Mephitic Cloud           Conj/Pois/Air  #.......     100%        3
 Petrify                  Tmut/Erth      #.......     100%        4
 Metabolic Englaciation   Hex/Ice        #.........   100%        5
 Yara's Violent Unravell  Hex/Tmut       #.........   100%        5
 Blink                    Tloc           Unusable     N/A         2

Dungeon Overview and Level Annotations

Branches:
Dungeon (4/15)
 Temple: D:4-7

Altars:
The Shining One

Annotations:
D:4 Ijyb


Innate Abilities, Weirdness & Mutations

You cannot be hasted, slowed, berserked, paralysed or teleported.
You can dig through walls and to a lower floor.
Your four strong arms can wield two-handed weapons with a shield.
You have a pair of large antennae on your head. (SInv)


Message History

You barely miss Ijyb.
Ijyb is lightly wounded.
You block Ijyb's attack.
You barely miss Ijyb.
Ijyb is lightly wounded.
You block Ijyb's attack.
You hit Ijyb but do no damage.
Ijyb is lightly wounded.
Ijyb zaps a wand.
The bolt of acid hits you!! The acid corrodes you!
You are splashed with acid!
* * * LOW HITPOINT WARNING * * *
You closely miss Ijyb.
Ijyb is lightly wounded.
Ijyb hits you but does no damage.
You hit Ijyb.
Ijyb is lightly wounded.
Ijyb hits you but does no damage. You block Ijyb's attack.
You feel very mighty all of a sudden.
Ijyb zaps a wand.
The bolt of acid hits you!!
You die...

#.. ##### #... #...## #...
#....# .##...###+###....#
.......).........#
.................#
.......$...(.....#
.##...####g####.##########
#.. #.@.####'#.<#.#..#.
... #...........#.......
.g. #...........#...†...
.. #...........+....... .
#...........#.......
.#.##..##...##...#..
#####################


You could see Ijyb (resistant).

Vanquished Creatures
  7 adders
  5 dart slugs
  4 leopard geckos
  2 orcs (D:3)
  8 bats
  8 giant cockroaches
  6 goblins
  14 hobgoblins
  9 kobolds
  A quokka (D:3)
  3 frilled lizards
  7 rats
74 creatures vanquished.

Notes
Turn   | Place    | Note
-------+----------+-------------------------------------------
     0 | D:1      | HoaS the Formicid Fighter began the quest for the Orb.
     0 | D:1      | Reached XP level 1. HP: 18/18 MP: 1/1
    53 | D:1      | Reached XP level 2. HP: 24/24 MP: 2/2
   381 | D:1      | Reached skill level 4 in Shields
   444 | D:1      | Reached XP level 3. HP: 29/29 MP: 3/3
   986 | D:2      | Reached XP level 4. HP: 35/35 MP: 4/4
  1455 | D:3      | Reached XP level 5. HP: 41/41 MP: 5/5
  1616 | D:3      | Noticed a phantom
  1826 | D:3      | Reached skill level 5 in Shields
  1973 | D:3      | Found a glowing golden altar of the Shining One.
  2078 | D:4      | Noticed Ijyb
  2096 | D:4      | Killed from afar by Ijyb

Illustrated notes

Levels and vault maps discovered:
D:1:      dpeg_arrival_court, layout_loops_cross,
          hangedman_decor_clover_reticule, chequers_hall_statues_y
D:2:      layout_loops_ring
D:3:      layout_rooms, tso_oasis_becter
D:4:      layout_gridville, old_standard_altar, uniq_ijyb

Skill      XL: |  1  2  3  4  5 |
---------------+----------------+-----
Shields        | 4 5 |  5.0
Staves         | 3 4 |  4.6
Fighting       | |  3.2
Armour         | |  3.2

Action                   |  1- 3 |  4- 6 || total
-------------------------+-------+-------++-------
Melee: Quarterstaff      |    91 |   121 ||   212
  Use: Scroll            |     7 |     2 ||     9
       Potion            |       |     1 ||     1
Armor: Scale mail        |    24 |    19 ||    43
       Plate armour      |       |    39 ||    39
Dodge: Dodged            |    29 |    12 ||    41
Block: Kite shield       |    45 |    71 ||   116

Table legend: (Time is in decaauts)
 A = Elapsed time spent in this place.
 B = Non-inter-level travel time spent in this place.
 C = Inter-level travel time spent in this place.
 D = Time resting spent in this place.
 E = Time spent auto-exploring this place.
 F = Levels seen in this place.
 G = Mean time per level.
                   A        B        C        D        E       F      G
               +--------+--------+--------+--------+--------+-----+--------+
         Total |   2134 |   2057 |     77 |    233 |   1144 |   4 |  533.5 |
       Dungeon |   2134 |   2057 |     77 |    233 |   1144 |   4 |  533.5 |
               +--------+--------+--------+--------+--------+-----+--------+

Top non-repeatable levels by time:
     D:1: 973 daAuts
     D:3: 575 daAuts
     D:2: 537 daAuts
     D:4: 48 daAuts
